 Dungeon Crawl Stone Soup version 0.16.1-51-g6203257 (console) character file.

219 ishipenkov the Sneak (level 5, 0/24 HPs)
             Began as a Spriggan Enchanter on Aug 7, 2015.
             Slain by a gnoll
             ... wielding a +0 whip
              (10 damage)
             ... on level 3 of the Dungeon.
             The game lasted 00:19:18 (2564 turns).

ishipenkov the Sneak (Spriggan Enchanter)           Turns: 2564, Time: 00:19:18

Health: 0/24       AC:  3    Str:  5    XL:     5   Next: 63%
Magic:  1/14       EV: 18    Int: 17    God:
Gold:   160        SH:  0    Dex: 16    Spells: 4 memorised, 1 level left

rFire  + . .     SeeInvis +     a - +1 dagger
rCold  . . .     Clarity  .     j - +1 robe
rNeg   . . .     SustAb   .     (shield restricted)
rPois  .         Gourm    .     (helmet restricted)
rElec  .         Spirit   .     (no cloak)
rCorr  .         Warding  .     (gloves unavailable)
rMut   .         Stasis   .     (boots unavailable)
MR     .....                    (no amulet)
Stlth  ++++......               (no ring)
                                f - ring of protection from fire

@: very slightly contaminated, very quick, not resistant to hostile
enchantments, stealthy
A: unfitting armour, see invisible, herbivore 3, speed 3, slow metabolism 2
a: no special abilities


You were on level 3 of the Dungeon.
You were not hungry.

You visited 1 branch of the dungeon, and saw 4 of its levels.

You collected 160 gold pieces.

Inventory:

Hand weapons
 a - a +1 dagger (weapon)
 b - a +0 hunting sling
Missiles
 h - 11 sling bullets
 m - 2 throwing nets (quivered)
Armour
 j - a +1 robe (worn)
Jewellery
 f - a ring of protection from fire (left hand)
Scrolls
 e - 2 scrolls of identify
 i - a scroll of fog
 o - a scroll of teleportation
 p - 3 scrolls of remove curse
 q - a scroll of recharging {unknown}
Potions
 g - a potion of magic {unknown}
 k - a potion of lignification {unknown}
 n - a potion of restore abilities {unknown}
Books
 c - a book of Maledictions

   Spells                             Type                      Level
   a - Corona                         Hexes                        1
   b - Sure Blade                     Hexes/Charms                 2
   c - Ensorcelled Hibernation        Hexes/Ice                    2
   d - Confuse                        Hexes                        3
   e - Dazzling Spray                 Conjuration/Hexes            3
   f - Enslavement                    Hexes                        4
Comestibles
 d - a bread ration
 l - 6 fruits


   Skills:
 + Level 4.4 Short Blades
 - Level 3.0 Dodging
 + Level 7.6 Stealth
 - Level 2.6 Spellcasting
 - Level 3.6 Hexes


You had one spell level left.
You knew the following spells:

 Your Spells              Type           Power        Failure   Level  Hunger
a - Corona                Hex            ##.....      4%          1    #......
b - Ensorcelled Hibernat  Hex/Ice        #.....       17%         2    ##.....
c - Confuse               Hex            ##......     14%         3    ###....
d - Sure Blade            Hex/Chrm       #.........   17%         2    ##.....


Dungeon Overview and Level Annotations

Branches:
Dungeon (4/15)
 Temple: D:4-7

Altars:
Ru
Trog
The Shining One


Innate Abilities, Weirdness & Mutations

You are tiny and cannot use many weapons and most armour.
You have supernaturally acute eyesight.
You are a herbivore.
You cover ground extremely quickly.
You need consume almost no food.


Message History

Aim: an orc priest, wearing a leather armour (chance 45%)
The orc priest resists with some effort.
The orc priest cheers loudly, as Orcs often do.
The orc priest closely misses you.
Casting: Confuse
Confirm with . or Enter, or press ? or * to list all spells.
Aiming: Ensorcelled Hibernation
Press: ? - help, Shift-Dir - straight line, f/p - orc priest
Aim: an orc priest, wearing a leather armour (chance 39%)
The orc priest resists with some effort.
The orc priest closely misses you.
Casting: Ensorcelled Hibernation
Confirm with . or Enter, or press ? or * to list all spells.
Aiming: Ensorcelled Hibernation
Press: ? - help, Shift-Dir - straight line, f/p - orc priest
Aim: an orc priest, wearing a leather armour (chance 39%)
You miscast Ensorcelled Hibernation.
You are very lightly contaminated with residual magic.
Your skin tingles.
The gnoll hits you with a whip!
You die...

..........###.##
##.#######.
..####[.##...# #.## ##...
##.÷.<### #..###..##
##..[).# ##..##.###
#...##)# ##.....†.
##.####.###### ####.##.
#..# #...gg.# #...<##.
#####.### ######o#
#.#####. ##...#...##
##@_### #...# ##
#.........#####.g...#
#.### #
................#......#?
.........[.######........
>).........# #.......#
#.........## #......#
##...#...## #......
######### #..... #....


You could see an orc priest and a gnoll.

Vanquished Creatures
  An ogre (D:3)
  Jessica (D:2)
  Robin (D:2)
  3 gnolls (D:3)
  2 adders (D:3)
  A worm (D:2)
  2 giant geckos
  3 orcs (D:3)
  4 bats
  6 giant cockroaches
  6 goblins
  8 hobgoblins
  3 kobolds (D:1)
  A ball python (D:3)
  3 giant newts
  A quokka (D:3)
  5 rats
  A toadstool (D:1)
52 creatures vanquished.

Vanquished Creatures (others)
  3 toadstools (D:1)
3 creatures vanquished.

Grand Total: 55 creatures vanquished

Notes
Turn   | Place    | Note
--------------------------------------------------------------
     0 | D:1      | ishipenkov, the Spriggan Enchanter, began the quest for the Orb.
     0 | D:1      | Reached XP level 1. HP: 9/9 MP: 4/4
   227 | D:1      | Reached XP level 2. HP: 13/13 MP: 3/7
   231 | D:1      | Learned a level 2 spell: Ensorcelled Hibernation
   287 | D:2      | Found a sacrificial altar of Ru.
   377 | D:1      | Reached skill level 5 in Stealth
   945 | D:3      | Noticed an ogre
  1324 | D:2      | Reached XP level 3. HP: 16/16 MP: 9/9
  1329 | D:2      | Learned a level 3 spell: Confuse
  1349 | D:2      | Noticed Robin
  1424 | D:2      | Killed Robin
  1766 | D:2      | Noticed Jessica
  1772 | D:2      | Killed Jessica
  1772 | D:2      | Reached skill level 6 in Stealth
  1772 | D:2      | Reached XP level 4. HP: 19/21 MP: 0/12
  1802 | D:2      | Learned a level 2 spell: Sure Blade
  1933 | D:3      | Found a bloodstained altar of Trog.
  2188 | D:3      | Found a glowing golden altar of the Shining One.
  2205 | D:3      | Killed an ogre
  2205 | D:3      | Reached skill level 7 in Stealth
  2205 | D:3      | Reached XP level 5. HP: 14/24 MP: 7/14
  2564 | D:3      | Slain by a gnoll

Action                   |  1- 3 |  4- 6 || total
-------------------------+-------+-------++-------
Melee: Dagger            |    86 |    41 ||   127
 Fire: Hunting sling     |     1 |       ||     1
 Cast: Corona            |     5 |       ||     5
       Ensorcelled Hiber |    12 |    14 ||    26
       Confuse           |     4 |     5 ||     9
  Use: Scroll            |     2 |     3 ||     5
 Stab: Sleeping          |    15 |    12 ||    27
       Confused          |     2 |       ||     2
  Eat: Fruit             |       |     2 ||     2
